 Dungeon Crawl Stone Soup version 0.25-a0-822-g6581751b11 (webtiles) character file.

Game seed: 17600283915175809897, levelgen mode: deterministic

1278 Error4North the Chopper (level 8, -4/106 HPs)
             Began as a Hill Orc Fighter on Apr 20, 2020.
             Was a Believer of Okawaru.
             Blown up by Maggie (17 damage)
             ... with a disintegration bolt
             ... on level 6 of the Dungeon.
             The game lasted 00:21:31 (5078 turns).

Error4North the Chopper (Hill Orc Fighter)          Turns: 5078, Time: 00:21:31

Health: -4/106     AC: 24    Str: 21    XL:     8   Next: 54%
Magic:  8/8        EV:  2    Int:  8    God:    Okawaru [**....]
Gold:   152        SH:  0    Dex: 10    Spells: 7/7 levels left

rFire    + . .     SeeInvis .   a - +0 war axe
rCold    + . .     Gourm    .   c - +0 kite shield
rNeg     + + +     Faith    .   (armour currently unavailable)
rPois    +         Spirit   .   (helmet currently unavailable)
rElec    +         Reflect  .   (cloak currently unavailable)
rCorr    +         Harm     .   (gloves currently unavailable)
MR       .....     NoTele   +   (boots currently unavailable)
Stlth    +.........             (no amulet)
HPRegen  0.27/turn              n - +3 ring of evasion
MPRegen  0.11/turn              A - ring of poison resistance

@: confused, mighty, brilliant, tree-form, resistant, mesmerised, very slightly
contaminated, invisible
A: no striking features
a: Heroism, Renounce Religion


You were on level 6 of the Dungeon.
You worshipped Okawaru.
Okawaru was pleased with you.
You were not hungry.
You were a tree.
You visited 2 branches of the dungeon, and saw 7 of its levels.

You collected 152 gold pieces.

Inventory:

Hand Weapons
 a - a +0 war axe (weapon)
 D - a +1 vorpal war axe
Armour
 c - a +0 kite shield (worn)
 s - a +0 pair of gloves (melded)
 u - a +2 helmet of see invisible (melded)
 y - a +0 plate armour (melded)
 E - a +4 ring mail
Jewellery
 n - a +3 ring of evasion (left branch)
 A - a ring of poison resistance (right branch)
Wands
 l - a wand of paralysis (1)
Scrolls
 b - 2 scrolls of blinking {unknown}
 e - 5 scrolls of remove curse
 g - 2 scrolls of enchant armour
 j - 2 scrolls of amnesia {unknown}
 k - 2 scrolls of magic mapping {unknown}
 m - 4 scrolls of teleportation {unknown}
 p - a scroll of noise {unknown}
 q - 7 scrolls of identify {unknown}
 r - a scroll of fear {unknown}
 C - a scroll of immolation {unknown}
Potions
 d - a potion of might
 h - a potion of flight
 i - a potion of resistance
 o - 2 potions of magic
 v - a potion of heal wounds
 w - a potion of brilliance
 x - a potion of invisibility
Comestibles
 f - 11 rations
 F - a chunk of flesh


   Skills:
 * Level 6.9 Fighting
 + Level 7.4 Axes
 * Level 5.9 Armour
 + Level 1.4 Dodging
 + Level 0.3 Stealth
 * Level 6.2 Shields


You had 7 spell levels left.
You didn't know any spells.
Your spell library contained the following spells:

 Spells                   Type           Power        Failure   Level  Hunger
 Magic Dart               Conj           #...         80%         1    None
 Blink                    Tloc           N/A          90%         2    None
 Call Imp                 Summ           #.......     90%         2    None
 Slow                     Hex            #.......     90%         2    None
 Confusing Touch          Hex            #.......     99%         3    None
 Conjure Flame            Conj/Fire      #.......     99%         3    None
 Gell's Gravitas          Tloc           #.........   99%         3    None
 Mephitic Cloud           Conj/Pois/Air  #.......     99%         3    None
 Petrify                  Tmut/Erth      #.......     100%        4    None
 Metabolic Englaciation   Hex/Ice        #.........   100%        5    None
 Yara's Violent Unravell  Hex/Tmut       #.........   100%        5    None


Dungeon Overview and Level Annotations

Branches:
Dungeon (6/15)             Temple (1/1) D:4

Altars:
Ashenzari
Cheibriados
Dithmenos
Elyvilon
Fedhas
Gozag
Hepliaklqana
Kikubaaqudgha
Makhleb
Nemelex Xobeh
Okawaru
Qazlal
Sif Muna
Trog
Uskayaw
Vehumet
Wu Jian
Yredelemnul
Zin
Beogh

Shops:
D:4 =*%   D:5 %

Annotations:
D:5 3 runed translucent doors, exclusion: statue, Uhlv's ghost, amateur MiCK
D:6 Maggie


Message History

It was a potion of ambrosia.
You are confused.
You feel invigorated.
Maggie zaps a wand.
You struggle to resist.
It was a potion of heal wounds.
You feel much better.
Maggie zaps a wand.
You are blasted!
* * * LOW HITPOINT WARNING * * *
You're too confused!
It was a potion of magic.
Magic courses through your body.
You cannot move. (Use ctrl+direction or * direction to attack without moving.)
Okay, then.
You cannot move. (Use ctrl+direction or * direction to attack without moving.)
You cannot move. (Use ctrl+direction or * direction to attack without moving.)
You cannot move. (Use ctrl+direction or * direction to attack without moving.)
You cannot move. (Use ctrl+direction or * direction to attack without moving.)
You hit Maggie. Maggie gestures at you while chanting.
The bolt of fire hits you. You resist.
* * * LOW HITPOINT WARNING * * *
You closely miss Maggie.
Maggie zaps a wand.
You are blasted!
You die...

#.# #.........#..#..#
#h# #..>........# ..'
#)# #...##.....## ..
#.# #....'.@..## .. #.#
#....#...#.## .# #@#
#....#..##.†##.# #.#
#......###..:#.# #.#
#.....##.'.....#
#.#######....###♣..#.#
#..........#..##@.##...
###............#.##
.#.# #.............##
.#.# #.#######......#
.. # .#. ≈..#...#..# ..
# . . ..#$. ...#.. .≈
.≈. .#. ##... .≈ .≈
.#.. ....


You could see Maggie.

Vanquished Creatures
  An orc warrior (D:6)
  An ice beast (D:5)
  An ogre (D:4)
  A big kobold (D:3)
  A scorpion (D:4)
  A howler monkey (D:6)
  A crimson imp (D:6)
  4 orc priests
  2 jellies
  7 orc wizards (D:5)
  4 iguanas
  Ijyb (D:2)
  4 worker ants
  A hound skeleton (D:5)
  A mummy (D:6)
  Robin (D:3)
  6 adders
  A shadow imp (D:6)
  An ooze (D:1)
  A worm (D:2)
  2 dart slugs
  4 leopard geckos
  17 orcs
  5 giant cockroaches
  22 goblins
  8 hobgoblins
  4 jackals (D:3)
  2 quokkas
  2 ball pythons (D:3)
  7 bats
  2 frilled lizards (D:2)
  A goblin zombie (D:6)
  A hobgoblin zombie (D:6)
  11 kobolds
  5 rats
134 creatures vanquished.

Notes
Turn   | Place    | Note
-------+----------+-------------------------------------------
     0 | D:1      | Error4North the Hill Orc Fighter began the quest for the
                  | Orb.
     0 | D:1      | Reached XP level 1. HP: 19/19 MP: 1/1
   162 | D:1      | Reached XP level 2. HP: 22/27 MP: 2/2
   520 | D:1      | Reached skill level 3 in Axes
   520 | D:1      | Reached XP level 3. HP: 28/33 MP: 3/3
   918 | D:2      | Found a blossoming altar of Fedhas.
  1152 | D:2      | Found a burning altar of Makhleb.
  1152 | D:2      | Noticed a balrug
  1209 | D:2      | Reached XP level 4. HP: 40/40 MP: 4/4
  1467 | D:2      | Found an iron altar of Okawaru.
  1476 | D:2      | Became a worshipper of Warmaster Okawaru
  1657 | D:2      | Noticed Ijyb
  1667 | D:2      | Paralysed by Ijyb for 6 turns
  1677 | D:2      | Paralysed by Ijyb for 4 turns
  1685 | D:2      | Killed Ijyb
  1870 | D:3      | Noticed a big kobold
  1951 | D:3      | Reached XP level 5. HP: 47/47 MP: 5/5
  1951 | D:3      | Noticed Robin
  1975 | D:3      | Killed Robin
  2209 | D:3      | Upgraded the game from 0.25-a0-804-g50c693f418 to
                  | 0.25-a0-822-g6581751b11
  2350 | D:3      | Killed a big kobold
  2350 | D:3      | Reached skill level 4 in Axes
  2350 | D:3      | Reached skill level 1 in Dodging
  2350 | D:3      | Reached XP level 6. HP: 53/53 MP: 6/6
  2736 | D:3      | Reached skill level 5 in Shields
  2819 | D:4      | Found a staircase to the Ecumenical Temple.
  2850 | D:4      | Reached * piety under Okawaru
  2850 | D:4      | Reached skill level 5 in Fighting
  2850 | D:4      | Reached skill level 5 in Axes
  3063 | D:4      | Found Ygok's Food Emporium.
  3153 | D:4      | Found Anlaic's Assorted Antiques.
  3171 | D:4      | Found Onomm's Jewellery Shop.
  3208 | D:4      | Reached XP level 7. HP: 52/61 MP: 7/7
  3521 | D:5      | Entered Level 5 of the Dungeon
  3581 | D:5      | Reached skill level 6 in Axes
  3716 | D:5      | Found a radiant altar of Vehumet.
  3932 | D:5      | Reached ** piety under Okawaru
  3932 | D:5      | Reached XP level 8. HP: 64/70 MP: 8/8
  4036 | D:5      | Found Piytru's Food Shop.
  4043 | D:5      | Reached skill level 5 in Armour
  4083 | D:5      | Found a runed translucent gate.
  4083 | D:5      | Noticed Uhlv's ghost (amateur MiCK)
  4084 | D:5      | Found a runed translucent gate.
  4084 | D:5      | Identified the cursed +1 scale mail "Juxeasel" {rC+ MR+
                  | Str+6}
  4085 | D:5      | Found a runed translucent gate.
  4101 | D:5      | Found a roughly hewn altar of Beogh.
  4626 | Temple   | Entered the Ecumenical Temple
  4979 | D:6      | Reached skill level 7 in Axes
  5006 | D:6      | Noticed Maggie
  5066 | D:6      | HP: 2/71 [disintegration (22)]
  5072 | D:6      | HP: 1/106 [disintegration (11)]
  5078 | D:6      | Blown up by Maggie

Levels and vault maps discovered:
D:1:      lightli_arrival_chessboard, layout_basic, minmay_tromino_v7
D:2:      kennysheep_the_goblin_king, layout_loops_ring,
          makhleb_altar_promises_db, kennysheep_okawaru_gauntlet,
          fedhas_ov_isle_minmay
D:3:      cheibrodos_thug_alley, layout_basic, uniq_robin
D:4:      layout_rooms, minmay_temple_entry_from_below_a, serial_shops,
          kennysheep_mini_moat, shop, shop
D:5:      layout_loops_cross, vehumet_statue, serial_shops, kennysheep_mini,
          biasface_ghost_orc_armoury, first_ration
D:6:      layout_basic, nicolae_ru_awakened_eye, nicolae_ossuary_entry_giza,
          kennysheep_diamond, uniq_maggie
Temple:   regret_index_temple_generic_petals

Skill      XL: |  1  2  3  4  5  6  7  8 |
---------------+-------------------------+-----
Fighting       | 4 5 6 |  6.9
Axes           | 3 4 5 6 7 |  7.4
Shields        | 4 5 6 |  6.2
Armour         | 4 5 |  5.9
Dodging        | 1 |  1.4
Stealth        | |  0.3

Action                   |  1- 3 |  4- 6 |  7- 9 || total
-------------------------+-------+-------+-------++-------
Melee: War axe           |   118 |   180 |   184 ||   482
Invok: Heroism           |       |       |     1 ||     1
  Use: Scroll            |       |       |     2 ||     2
       Potion            |       |       |    10 ||    10
  Eat: Chunk             |     1 |     7 |     3 ||    11
       Ration            |       |       |     1 ||     1
Armor: Scale mail        |    63 |    78 |       ||   141
       Plate armour      |       |    11 |    85 ||    96
       Skin              |       |       |     1 ||     1
Dodge: Dodged            |    40 |    89 |    43 ||   172
Block: Kite shield       |    70 |   130 |    74 ||   274

Table legend:
 A = Non-vault XP
 B = Vault XP
 C = Vault XP percentage of total XP
 D = Non-vault monster count
 E = Vault monster count
 F = Vault count percentage of total count
                 A         B        C        D         E       F
            +---------+---------+-------+---------+---------+-------
      Total |    1614 |     213 |  11.7 |     101 |      33 |  24.6
            +---------+---------+-------+---------+---------+-------
        D:1 |      39 |       5 |  11.4 |      17 |       3 |  15.0
        D:2 |      48 |      48 |  50.0 |      15 |       7 |  31.8
        D:3 |     139 |     140 |  50.2 |      22 |      20 |  47.6
        D:4 |     268 |       0 |   0.0 |       6 |       0 |   0.0
        D:5 |     786 |       0 |   0.0 |      32 |       0 |   0.0
        D:6 |     334 |      20 |   5.6 |       9 |       3 |  25.0
            +---------+---------+-------+---------+---------+-------
